 Dungeon Crawl Stone Soup version 0.26.0-16-gc1dbca0489 (webtiles) character file.

Game seed: 3343655651648775750

6088 zcampers the Basher (level 10, 0/142 HPs)
             Began as a Minotaur Berserker on Jan 20, 2021.
             Was an Elder of Trog.
             Succumbed to a queen ant's poison
             ... on level 9 of the Dungeon.
             The game lasted 00:19:07 (8322 turns).

zcampers the Basher (Minotaur Berserker)            Turns: 8322, Time: 00:19:08

Health: 0/142      AC: 23    Str: 23    XL:     10   Next: 58%
Magic:  9/9        EV:  8    Int:  7    God:    Trog [****..]
Gold:   287        SH:  0    Dex:  9    Spells: 9/9 levels left

rFire    . . .     SeeInvis .   h - +3 whip (drain)
rCold    + + .     Faith    .   (no shield)
rNeg     . . .     Spirit   .   d - +1 plate armour
rPois    .         Reflect  .   g - +2 hat
rElec    .         Harm     .   j - +1 cloak {rCorr}
rCorr    +         Rampage  .   (no gloves)
Will     .....                  n - +1 pair of boots
Stlth    ..........             (no amulet)
HPRegen  0.33/turn              q - ring of flight
MPRegen  0.11/turn              (no ring)

@: berserking (expiring), lethally poisoned (0 -> -36), studying Fighting, very
quick
A: retaliatory headbutt, horns 2, cold resistance 2
a: Renounce Religion, Evoke Flight, Berserk, Trog's Hand, Brothers in Arms


You were on level 9 of the Dungeon.
You worshipped Trog.
Trog was greatly pleased with you.
You visited 1 branch of the dungeon, and saw 9 of its levels.

You collected 287 gold pieces.

Inventory:

Hand Weapons
 h - a +3 whip of draining (weapon)
Missiles
 l - 55 poisoned darts (quivered)
Armour
 d - a +1 plate armour (worn)
 g - a +2 hat (worn)
 j - a +1 cloak of preservation (worn)
 n - a +1 pair of boots (worn)
Jewellery
 q - a ring of flight (left hand)
Wands
 c - a wand of flame (2)
 i - a wand of iceblast (7)
 r - a wand of enslavement (11)
 s - a wand of paralysis (12)
 t - a wand of digging (4)
Scrolls
 b - a scroll of identify
 e - 2 scrolls of remove curse
 f - 3 scrolls of teleportation
 o - a scroll of fog
Potions
 k - a potion of magic
 m - 3 potions of curing
 p - a potion of haste
Books
 a - a manual of Fighting


   Skills:
 + Level 11.0 Fighting
 + Level 12.7 Maces & Flails
 + Level 1.7 Throwing
 + Level 11.2 Armour
 + Level 2.8 Dodging
 + Level 1.0 Stealth


You had 9 spell levels left.
You didn't know any spells.
Your spell library was empty.

Dungeon Overview and Level Annotations

Branches:
Dungeon (9/15)             Temple (0/1) D:5            Lair (0/6) D:8
    Orc (0/2) D:9

Altars:
Cheibriados
Fedhas
Hepliaklqana
Nemelex Xobeh
Uskayaw
Wu Jian
Xom


Innate Abilities, Weirdness & Mutations

You reflexively headbutt those who attack you in melee.
You have a pair of horns on your head.
Your flesh is very cold resistant. (rC++)


Message History

You barely miss the worker ant.
* * * LOW HITPOINT WARNING * * *
You feel sick.
The worker ant bites you but does no damage.
You barely miss the worker ant. Your headbutt misses the worker ant.
* * * LOW HITPOINT WARNING * * *
You feel sick.
* * * LOW HITPOINT WARNING * * *
You feel sick.
The worker ant bites you but does no damage.
The soldier ant stings you but does no damage.
The worker ant bites you but does no damage.
You see here a worker ant corpse.
You hit the worker ant. You drain the worker ant.
The worker ant is heavily wounded.
* * * LOW HITPOINT WARNING * * *
You feel sick.
You whack the soldier ant!
The soldier ant is moderately wounded.
You die...

#.....#..# #.................#
#.....#..#### #######..#######'##
#<....#..##... .. ##.#.........
......#..#.... .. #.#.........
......#.## ...###. ######......
......# #..#B. ### #......
......# ##.BB## ...## #......
...#### #...B.# ....# #...!..
..>#..## ..# #.B@###...##.#......
####...###..#..#†B#..###..#......
........###... ##††.###...####...
...#######.... #.....#.......#...
...# ##...###†..##.......#...
...# ####..#.†###........####
...# #.###.†.###.............
...#######.#.#'''#.#.............
.......)...#.......#....#######..


You could see a soldier ant and 5 worker ants.

Vanquished Creatures
  A queen ant (D:9)
  Pikel (D:9)
  An ugly thing (D:8)
  Psyche (D:9)
  A troll (D:9)
  Prince Ribbit (D:8)
  6 soldier ants (D:9)
  4 ice beasts
  2 sky beasts
  An eye of draining (D:9)
  2 orc warriors
  2 phantoms
  An ogre (D:8)
  4 centaurs
  4 lemures (D:9)
  A bullfrog (D:7)
  A scorpion (D:7)
  6 killer bees (D:8)
  A howler monkey (D:4)
  2 bullfrog skeletons
  3 hounds
  6 orc priests
  A centaur skeleton (D:9)
  11 orc wizards
  Terence (D:2)
  Jessica (D:2)
  Ijyb (D:5)
  18 worker ants
  A hound skeleton (D:7)
  A howler monkey zombie (D:7)
  A worker ant zombie (D:9)
  Robin (D:2)
  2 howler monkey skeletons
  6 gnolls
  8 adders
  2 shadow imps (D:5)
  3 white imps
  An ufetubus (D:9)
  An ooze (D:4)
  An adder skeleton (D:5)
  2 worms
  A dart slug (D:1)
  4 leopard geckos
  24 orcs
  6 bats
  6 giant cockroaches
  12 goblins
  4 hobgoblins (D:2)
  7 jackals
  2 quokkas
  2 ball pythons
  3 frilled lizards
  3 kobolds
  A quokka zombie (D:6)
  5 rats
195 creatures vanquished.

Notes
Turn   | Place    | Note
-------+----------+-------------------------------------------
     0 | D:1      | zcampers the Minotaur Berserker began the quest for the
                  | Orb.
     0 | D:1      | Reached XP level 1. HP: 19/19 MP: 0/0
   181 | D:1      | Reached skill level 4 in Maces & Flails
   181 | D:1      | Reached XP level 2. HP: 27/27 MP: 1/1
   652 | D:2      | Noticed Jessica
   682 | D:2      | Killed Jessica
   683 | D:2      | Reached XP level 3. HP: 21/34 MP: 2/2
   907 | D:2      | Found a blossoming altar of Fedhas.
  1025 | D:2      | Reached XP level 4. HP: 41/41 MP: 3/3
  1042 | D:2      | Found a hazy altar of Hepliaklqana.
  1049 | D:2      | Found a hide-covered altar of Uskayaw.
  1074 | D:2      | Reached ** piety under Trog
  1126 | D:2      | Noticed Robin
  1136 | D:2      | Killed Robin
  1206 | D:2      | Reached skill level 5 in Maces & Flails
  1337 | D:2      | Noticed Terence
  1353 | D:2      | Killed Terence
  1354 | D:2      | Reached skill level 5 in Fighting
  1429 | D:2      | Reached XP level 5. HP: 48/48 MP: 4/4
  1500 | D:2      | Found a snail-covered altar of Cheibriados.
  1988 | D:3      | Found an ornate altar of the Wu Jian Council.
  2191 | D:3      | Noticed an orc warrior
  2215 | D:3      | Killed an orc warrior
  2217 | D:3      | Reached skill level 6 in Maces & Flails
  2989 | D:4      | Reached XP level 6. HP: 51/56 MP: 5/5
  3201 | D:4      | Reached skill level 5 in Armour
  3374 | D:4      | Reached *** piety under Trog
  3380 | D:4      | Reached skill level 7 in Maces & Flails
  3380 | D:4      | Reached XP level 7. HP: 61/61 MP: 6/6
  3647 | D:5      | Entered Level 5 of the Dungeon
  3920 | D:5      | Found a staircase to the Ecumenical Temple.
  4014 | D:5      | Reached skill level 8 in Maces & Flails
  4150 | D:5      | Noticed Ijyb
  4162 | D:5      | Killed Ijyb
  4568 | D:5      | Reached XP level 8. HP: 41/70 MP: 7/7
  4766 | D:6      | Found a shimmering altar of Xom.
  4966 | D:6      | Reached skill level 9 in Maces & Flails
  5315 | D:6      | Gained mutation: Scrolls take you a little longer to read.
                  | [potion of mutation]
  5315 | D:6      | Lost mutation: Scrolls take you a little longer to read.
                  | [potion of mutation]
  5315 | D:6      | Gained mutation: Your flesh is cold resistant. (rC+)
                  | [potion of mutation]
  5315 | D:6      | Gained mutation: Your flesh is very cold resistant. (rC++)
                  | [potion of mutation]
  5418 | D:6      | Found a sparkling altar of Nemelex Xobeh.
  5967 | D:7      | Reached skill level 10 in Maces & Flails
  5979 | D:7      | Identified a scroll of acquirement
  5979 | D:7      | Acquired a manual of Fighting
  6075 | D:7      | Reached XP level 9. HP: 65/79 MP: 8/8
  6407 | D:8      | Noticed Prince Ribbit
  6424 | D:8      | Killed Prince Ribbit
  6502 | D:8      | Noticed a purple ugly thing
  6511 | D:8      | Killed a purple ugly thing
  6512 | D:8      | Reached skill level 1 in Stealth
  6908 | D:8      | Reached **** piety under Trog
  7063 | D:8      | Reached skill level 11 in Maces & Flails
  7174 | D:8      | Reached skill level 1 in Throwing
  7256 | D:8      | Found a staircase to the Lair.
  7556 | D:9      | Found a staircase to the Orcish Mines.
  7641 | D:9      | Noticed a troll
  7658 | D:9      | Killed a troll
  7691 | D:9      | Reached skill level 10 in Armour
  7913 | D:9      | Noticed Pikel
  7916 | D:9      | Noticed Psyche
  7952 | D:9      | Killed Pikel
  7953 | D:9      | Reached XP level 10. HP: 93/93 MP: 9/9
  7958 | D:9      | Killed Psyche
  7959 | D:9      | Reached skill level 10 in Fighting
  7959 | D:9      | Reached skill level 12 in Maces & Flails
  8283 | D:9      | Noticed a queen ant
  8300 | D:9      | Killed a queen ant
  8317 | D:9      | HP: 7/142 [poisoned by a queen ant]
  8320 | D:9      | HP: 2/142 [poisoned by a queen ant]
  8322 | D:9      | Succumbed to a queen ant's poison

Illustrated notes

Levels and vault maps discovered:
D:1:      dpeg_arrival_three_same_balls, layout_rooms, solitary_fountain
D:2:      layout_basic, grunt_temple_overflow_open, st_stairs_9, fedhas_altar_4,
          uniq_jessica, uniq_terence, uniq_robin
D:3:      layout_basic, lemuel_crystal_altar, chequers_serial_rivers_small_3
D:4:      layout_loops_ring, chequers_serial_rivers_large_b
D:5:      layout_loops_ring, minmay_temple_entry_wispy, uniq_ijyb
D:6:      layout_basic, general_overflow_altar, old_standard_altar,
          minmay_misc_feat_enclosed
D:7:      layout_cave_pools, bh_walls_and_bars
D:8:      layout_loops_ring, lair_entry_dummy, hangedman_decor_diamond_cutter,
          chequers_serial_rivers_room_a, uniq_prince_ribbit1
D:9:      layout_irregular_city, orc_0_dummy, zaba_antful_of_joy, uniq_pikel,
          uniq_psyche

Skill      XL: |  1  2  3  4  5  6  7  8  9 10 |
---------------+-------------------------------+-----
Maces & Flails | 4 5 6 7 8 10 11 12 | 12.7
Fighting       | 4 5 6 7 9 11 | 11.0
Armour         | 3 4 5 6 8 10 11 | 11.2
Stealth        | 1 |  1.0
Throwing       | 1 |  1.7
Dodging        | |  2.8

Action                   |  1- 3 |  4- 6 |  7- 9 | 10-12 || total
-------------------------+-------+-------+-------+-------++-------
Melee: Mace              |    49 |       |       |       ||    49
       Headbutt          |     7 |    25 |    68 |    21 ||   121
       Whip              |     3 |   147 |   378 |    93 ||   621
Throw: Dart              |       |     2 |     3 |       ||     5
Invok: Trog's Hand       |       |     1 |     5 |     1 ||     7
       Berserk           |       |       |     3 |     1 ||     4
  Use: Scroll            |       |       |    16 |       ||    16
       Potion            |       |       |     9 |       ||     9
Armor: Animal skin       |     9 |       |       |       ||     9
       Plate armour      |    42 |    95 |   190 |    69 ||   396
Dodge: Dodged            |    45 |    45 |   124 |    27 ||   241
